 Dungeon Crawl Stone Soup version 0.21.1-1-g345015fe64 (webtiles) character file.

641 Peloso the Slasher (level 7, -5/61 HPs)
             Began as a Minotaur Fighter on Mar 29, 2018.
             Was a Follower of Okawaru.
             Slain by asdpro's ghost (11 damage)
             ... on level 3 of the Dungeon.
             The game lasted 00:09:11 (2505 turns).

Peloso the Slasher (Minotaur Fighter)               Turns: 2505, Time: 00:09:11

Health: -5/61      AC:  8    Str: 21    XL:     7   Next: 26%
Magic:  6/6        EV:  8    Int:  5    God:    Okawaru [*.....]
Gold:   45         SH: 10    Dex: 11    Spells: 6/6 levels left

rFire    . . .     SeeInvis .   a - +0 long sword
rCold    . . .     Gourm    .   c - +0 shield
rNeg     . . .     Faith    .   b - +0 scale mail
rPois    .         Spirit   .   q - +1 hat
rElec    .         Reflect  .   (no cloak)
rCorr    .         Harm     .   (no gloves)
MR       .....                  (no boots)
Stlth    ..........             (no amulet)
HPRegen  0.20/turn              (no ring)
MPRegen  0.10/turn              (no ring)

@: no status effects
A: retaliatory headbutt, horns 2
a: Heroism, Renounce Religion


You were on level 3 of the Dungeon.
You worshipped Okawaru.
Okawaru was aware of your devotion.
You were not hungry.

You visited 1 branch of the dungeon, and saw 5 of its levels.
You also visited: Sewer.

You collected 142 gold pieces.
You spent 97 gold pieces at shops.

Inventory:

Hand Weapons
 a - a +0 long sword (weapon)
Armour
 b - a +0 scale mail (worn)
 c - a +0 shield (worn)
 q - a +1 hat (worn)
Scrolls
 g - a scroll of amnesia
 i - a scroll of fear
 j - a scroll of enchant armour
 m - a scroll of remove curse
 n - 2 scrolls of enchant weapon {unknown}
 o - 4 scrolls of identify {unknown}
 r - a scroll of teleportation {unknown}
 s - a scroll of random uselessness {unknown}
Potions
 d - 2 potions of might
 e - a potion of berserk rage {unknown}
 h - 4 potions of curing {unknown}
 k - 2 potions of lignification {unknown}
Books
 p - a book of Minor Magic

   Spells                             Type                      Level
   a - Magic Dart                     Conjuration                  1
   b - Blink                          Translocation                2
   c - Call Imp                       Summoning                    2
   d - Slow                           Hexes                        2
   e - Conjure Flame                  Conjuration/Fire             3
   f - Mephitic Cloud                 Conjuration/Poison/Air       3
Comestibles
 f - 8 rations
 l - a chunk of flesh


   Skills:
 + Level 5.1 Fighting
 + Level 6.5 Long Blades
 + Level 4.7 Armour
 + Level 1.8 Dodging
 + Level 0.2 Stealth
 + Level 6.0 Shields


You had 6 spell levels left.
You didn't know any spells.

Dungeon Overview and Level Annotations

Branches:
Dungeon (5/15)
 Temple: D:4-7

Altars:
Elyvilon
Okawaru
Zin

Shops:
D:4 *%?

Annotations:
D:3 asdpro's ghost, amateur TrBe


Innate Abilities, Weirdness & Mutations

You reflexively headbutt those who attack you in melee.
You have a pair of horns on your head.


Message History

You block asdpro's ghost's attack. Asdpro's ghost hits you!
You slash asdpro's ghost!
Asdpro's ghost is moderately damaged.
You block asdpro's ghost's attack.
You hit asdpro's ghost. Your headbutt misses asdpro's ghost.
Asdpro's ghost is moderately damaged.
Asdpro's ghost hits you!
You hit asdpro's ghost. You headbutt asdpro's ghost!
Asdpro's ghost is heavily damaged.
Asdpro's ghost hits you!
* * * LOW HITPOINT WARNING * * *
You hit asdpro's ghost.
Asdpro's ghost is severely damaged.
Asdpro's ghost hits you!
* * * LOW HITPOINT WARNING * * *
You hit asdpro's ghost but do no damage.
Your headbutt misses asdpro's ghost.
Asdpro's ghost is severely damaged.
Asdpro's ghost hits you!
You die...

##### #...#
#######...###########
#..........#.........
#..#######........... #####..#
### #.........<.
######......#######.#.S.......
.#...#........'_@WSr#.........
............###+###...........
............# #.....###...
.......[....## #.#..... ##
................ ...#...#.
...............####.....#..
....)###.....### #.#.#.# ..
#)..## #..#..# ... .# #r.
##...# ......#


You could see asdpro's ghost, an adder and a rat.

Vanquished Creatures
  A phantom (D:4)
  2 bullfrogs (Sewer)
  A hound (D:4)
  An orc priest (D:4)
  3 worker ants (D:4)
  A hound skeleton (D:4)
  10 adders
  A river rat (D:4)
  12 oozes
  3 worms
  2 dart slugs (D:1)
  12 leopard geckos
  4 orcs (D:4)
  14 ball pythons (Sewer)
  6 bats
  14 giant cockroaches
  3 goblins (D:3)
  6 hobgoblins
  7 kobolds
  13 frilled lizards
  8 rats
124 creatures vanquished.

Notes
Turn   | Place    | Note
-------+----------+-------------------------------------------
     0 | D:1      | Peloso the Minotaur Fighter began the quest for the Orb.
     0 | D:1      | Reached XP level 1. HP: 19/19 MP: 0/0
   119 | D:1      | Reached XP level 2. HP: 24/27 MP: 1/1
   395 | D:1      | Reached XP level 3. HP: 30/33 MP: 2/2
   847 | D:2      | You fall through a shaft for 2 floors!
   855 | D:4      | Reached XP level 4. HP: 40/40 MP: 3/3
   924 | D:4      | You fall through a shaft!
   924 | D:5      | Entered Level 5 of the Dungeon
   924 | D:5      | Found a glowing silver altar of Zin.
   955 | D:4      | Reached XP level 5. HP: 38/47 MP: 4/4
   977 | D:4      | Found an iron altar of Okawaru.
   989 | D:4      | Became a worshipper of Warmaster Okawaru
  1093 | D:4      | Reached skill level 5 in Long Blades
  1151 | D:4      | Reached skill level 5 in Shields
  1164 | D:4      | Found a glowing drain.
  1170 | Sewer    | Entered a sewer
  1450 | Sewer    | Reached XP level 6. HP: 53/53 MP: 5/5
  1456 | Sewer    | Reached skill level 1 in Dodging
  1916 | Sewer    | Reached * piety under Okawaru
  1916 | Sewer    | Reached skill level 5 in Fighting
  2041 | D:4      | Reached XP level 7. HP: 56/61 MP: 6/6
  2057 | D:4      | Found Caleysm's Assorted Antiques.
  2218 | D:4      | Found Haudghog's Food Boutique.
  2220 | D:4      | Found Ivang's Magic Scroll Boutique.
  2236 | D:4      | Bought a scroll of enchant armour for 97 gold pieces
  2469 | D:3      | Found a white marble altar of Elyvilon.
  2488 | D:3      | Noticed asdpro's ghost (amateur TrBe)
  2505 | D:3      | Slain by asdpro's ghost

Skill      XL: |  1  2  3  4  5  6  7 |
---------------+----------------------+-----
Shields        | 4 5 6 |  6.0
Fighting       | 4 5 |  5.1
Armour         | 4 |  4.7
Long Blades    | 3 4 5 6 |  6.5
Dodging        | 1 |  1.8
Stealth        | |  0.2

Action                   |  1- 3 |  4- 6 |  7- 9 || total
-------------------------+-------+-------+-------++-------
Melee: Long sword        |    64 |   194 |    61 ||   319
       Headbutt          |    15 |    31 |    12 ||    58
  Use: Scroll            |       |     6 |       ||     6
  Eat: Chunk             |       |     4 |     2 ||     6
Armor: Scale mail        |    38 |    85 |    12 ||   135
Dodge: Dodged            |    31 |    83 |    13 ||   127
Block: Shield            |    40 |   123 |    34 ||   197
       Rpst.: Long sword |     8 |    22 |     4 ||    34
